 Dungeon Crawl Stone Soup version 0.21.1-1-g345015f (webtiles) character file.

90 Fang the Skirmisher (level 4, 0/29 HPs)
             Began as a Gargoyle Berserker on May 3, 2018.
             Was a Believer of Trog.
             Slain by an ice beast (14 damage)
             ... on level 3 of the Dungeon.
             The game lasted 00:06:30 (2225 turns).

Fang the Skirmisher (Gargoyle Berserker)            Turns: 2225, Time: 00:06:31

Health: 0/29       AC:  6    Str: 21    XL:     4   Next: 56%
Magic:  4/4        EV: 12    Int:  8    God:    Trog [**....]
Gold:   107        SH:  0    Dex:  9    Spells: 3/3 levels left

rFire    . . .     SeeInvis .   a - +0 hand axe
rCold    . . .     Gourm    .   (no shield)
rNeg     + + .     Faith    .   b - +1 animal skin
rPois    ∞         Spirit   .   (no helmet)
rElec    +         Reflect  .   (no cloak)
rCorr    .         Harm     .   (no gloves)
MR       .....                  (no boots)
Stlth    +.........             (no amulet)
HPRegen  0.09/turn              i - ring of positive energy
MPRegen  0.09/turn              (no ring)

@: no status effects
A: negative energy resistance 1, electricity resistance, unbreathing,
petrification resistance, rot immunity, AC +3
a: Berserk, Trog's Hand, Burn Spellbooks, Renounce Religion


You were on level 3 of the Dungeon.
You worshipped Trog.
Trog was pleased with you.
You were very hungry.

You visited 1 branch of the dungeon, and saw 3 of its levels.

You collected 107 gold pieces.

Inventory:

Hand Weapons
 a - a +0 hand axe (weapon)
Armour
 b - a +1 animal skin (worn)
Jewellery
 i - a ring of positive energy (left hand)
 k - an uncursed ring of fire {unknown}
Scrolls
 d - 2 scrolls of identify
 j - 2 scrolls of teleportation {unknown}
Potions
 e - a potion of heal wounds
 f - a potion of resistance
 g - a potion of flight
 h - a potion of berserk rage
Comestibles
 c - 7 rations


   Skills:
 + Level 3.8 Fighting
 + Level 3.6 Axes
 + Level 2.3 Armour
 + Level 2.3 Dodging
 + Level 1.4 Stealth


You had 3 spell levels left.
You didn't know any spells.

Dungeon Overview and Level Annotations

Branches:
Dungeon (3/15)

Altars:


Innate Abilities, Weirdness & Mutations

You are resistant to torment.
Your stone body is resilient. (AC +3)
You are immune to poison.
You resist negative energy. (rN+)
You are resistant to electric shocks. (rElec)
You can survive without breathing.
You are immune to petrification.
You are immune to rotting.


Message History

The giant cockroach bites you.
The giant cockroach bites you but does no damage.
An ice beast comes into view.
The giant cockroach barely misses you. The giant cockroach bites you.
The ice beast hits you. The ice beast freezes you!
You slash the ice beast!
The ice beast is moderately wounded.
You hit the giant cockroach.
The giant cockroach bites you but does no damage.
The ice beast hits you but does no damage.
The giant cockroach barely misses you.
You closely miss the ice beast.
The ice beast is moderately wounded.
You closely miss the giant cockroach. The ice beast closely misses you.
The giant cockroach closely misses you.
You hit the ice beast but do no damage.
The ice beast is moderately wounded.
You hit the giant cockroach. The giant cockroach barely misses you.
The ice beast hits you. The ice beast freezes you!
You die...

#.#####.#.#.###
###.......#.#.###
...<............+
............#####
..............#
........#####.#
......#.# ..#
......#s# .#
..... #@# .#
..... #Y# . ....
#.# .# .... #..
... ####


You could see an ice beast and a giant cockroach.

Vanquished Creatures
  5 adders
  A worm (D:2)
  2 leopard geckos
  A ball python (D:1)
  5 giant cockroaches
  2 goblins (D:1)
  5 hobgoblins
  2 quokkas (D:2)
  4 bats
  8 kobolds
  4 rats
39 creatures vanquished.

Notes
Turn   | Place    | Note
-------+----------+-------------------------------------------
     0 | D:1      | Fang the Gargoyle Berserker began the quest for the Orb.
     0 | D:1      | Reached XP level 1. HP: 14/14 MP: 1/1
   280 | D:1      | Reached XP level 2. HP: 19/19 MP: 2/2
   858 | D:2      | Reached XP level 3. HP: 18/23 MP: 3/3
   982 | D:2      | Reached skill level 1 in Stealth
  1620 | D:2      | Reached XP level 4. HP: 29/29 MP: 4/4
  1760 | D:2      | Reached ** piety under Trog
  1782 | D:2      | Found a faded altar of an unknown god.
  2218 | D:3      | Noticed an ice beast
  2225 | D:3      | Slain by an ice beast

Skill      XL: |  1  2  3 |
---------------+----------+-----
Axes           | 3 |  3.6
Dodging        | 2 |  2.3
Stealth        | 1 |  1.4
Fighting       | |  3.8
Armour         | |  2.3

Action                   |  1- 3 |  4- 6 || total
-------------------------+-------+-------++-------
Melee: Hand axe          |   120 |    53 ||   173
  Use: Scroll            |     9 |       ||     9
  Eat: Chunk             |     2 |     1 ||     3
Armor: Animal skin       |    66 |    19 ||    85
Dodge: Dodged            |   118 |    39 ||   157
